 Dungeon Crawl Stone Soup version 0.29-a0-453-gf113fcf677 (webtiles) character file.

Game seed: 616371789823773694

209 Bruhh the Skirmisher (level 5, -8/62 HPs)
             Began as an Ogre Transmuter on May 20, 2022.
             Killed by divine providence
             ... invoked by an orc priest
              (13 damage)
             ... on level 3 of the Dungeon.
             The game lasted 00:04:58 (2703 turns).

Bruhh the Skirmisher (Ogre Transmuter)              Turns: 2703, Time: 00:04:58

Health: -8/62      AC:  3    Str: 14 (16) XL:     5   Next: 87%
Magic:  17/17      EV:  9    Int: 11 (14) God:
Gold:   97         SH:  0    Dex:  8 (9)  Spells: 7/8 levels left

rFire   . . .      SeeInvis .   c - +0 short sword (venom)
rCold   . . .      Faith    .   (no shield)
rNeg    . . .      Spirit   .   a - +0 robe
rPois   .          Reflect  .   (helmet restricted)
rElec   .          Harm     .   (no cloak)
rCorr   .          Rampage  .   (gloves unavailable)
Will    .....                   (boots unavailable)
Stlth   +.........              (no amulet)
HPRegen 0.20/turn               d - ring of magical power
MPRegen 0.15/turn               (no ring)

@: brilliant, unable to read
A: large, unfitting armour, tough skin 1, inability to read while threatened,
MP-powered wands
a: no special abilities


You were on level 3 of the Dungeon.
You visited 1 branch of the dungeon, and saw 3 of its levels.

You collected 97 gold pieces.

Inventory:

Hand Weapons
 c - a +0 short sword of venom (weapon)
Armour
 a - a +0 robe (worn)
Jewellery
 d - a ring of magical power (left hand)
 f - a ring of flight
 j - a ring of poison resistance
Scrolls
 e - 2 scrolls of blinking {unknown}
 h - a scroll of fog {unknown}
 i - a scroll of teleportation {unknown}
Potions
 b - a potion of lignification
 g - a potion of resistance {unknown}
 k - 2 potions of degeneration
 l - a potion of haste


   Skills:
 + Level 7.4 Fighting
 - Level 1.7 Dodging
 - Level 2.6 Unarmed Combat
 - Level 2.4 Spellcasting
 - Level 1.7 Transmutations


You had 7 spell levels left.
You knew the following spells:

 Your Spells              Type           Power      Damage    Failure   Level
a - Beastly Appendage     Tmut           14%        N/A       14%         1

Your spell library contained the following spells:

 Spells                   Type           Power      Damage    Failure   Level
 Sting                    Tmut/Pois      16%        1d3       21%         1
 Wereblood                Tmut           7%         N/A       21%         2
 Necrotize                Necr           4%         1d4       28%         1
 Ensorcelled Hibernation  Hex/Ice        2%         N/A       38%         2
 Poisonous Vapours        Pois/Air       2%         N/A       38%         2
 Spider Form              Tmut/Pois      4%         N/A       52%         3
 Vampiric Draining        Necr           1%         2d6       63%         3
 Ice Form                 Ice/Tmut       4%         N/A       89%         4
 Anguish                  Hex/Necr       0%         N/A       95%         4
 Olgreb's Toxic Radiance  Pois           1%         N/A       95%         4
 Agony                    Necr           1%         N/A       100%        5


Dungeon Overview and Level Annotations

Branches:
Dungeon (3/15)

Altars:
Beogh


Innate Abilities, Weirdness & Mutations

You are too large for most types of armour.
You have tough skin. (AC +1)
You sometimes lose the ability to read scrolls when taking damage.
You expend magic power (3 MP) to strengthen your wands.


Message History

The orc priest mumbles some strange prayers to Beogh against you.
Pain shoots through your body!
* * * LOW HITPOINT WARNING * * *
It was a potion of degeneration.
There was something very wrong with that liquid.
You feel weakened.
You feel dopey.
You feel clumsy.
You kill the orc priest!
The orc priest hits you with a +0 flail!
* * * LOW HITPOINT WARNING * * *
Unknown command.
It was a potion of mutation.
You feel extremely strange.
You feel your magical essence link to the dungeon's wands.
You lose the ability to read scrolls when threatened.
The orc priest hits you with a +0 flail.
You feel threatened and lose the ability to read scrolls!
* * * LOW HITPOINT WARNING * * *
It was a potion of brilliance.
You feel clever all of a sudden. The orc priest barely misses you.
It was a potion of curing.
You feel better.
The orc priest begins to cast a cantrip, but forgets the words!
The orc priest barely misses you.
Things that are here:
a +0 hand axe; a +0 leather armour You hit the orc priest.
The orc priest is poisoned.
The orc priest is lightly wounded.
The orc priest hits you but does no damage.
You closely miss the orc priest.
The orc priest is lightly wounded.
You can read scrolls again.
The orc priest barely misses you.
The orc priest hits you with a +0 flail.
You feel threatened and lose the ability to read scrolls!
* * * LOW HITPOINT WARNING * * *
You hit the orc priest.
The orc priest looks as sick as possible!
The orc priest is moderately wounded.
The orc priest calls down the wrath of Beogh upon you.
Beogh smites you!
You die...

#...## #####......#
##### #...# #.######
#...# #.#
#...#########.##
...........#...#####...
..........÷..#.........
...........#..÷.####..
....>.######.)#.##
....#.# #....o@#
....#.# ##...#.<#
....#.# #.......#
....#.# #........# ...
..# #....>..## ##
#.....#.# #.........
###########


You could see an orc priest (extremely poisoned).

Vanquished Creatures
  An orc priest (D:3)
  Natasha (thrice) (D:2)
  5 adders (D:2)
  2 worms (D:2)
  A dart slug (D:1)
  2 orcs (D:2)
  3 bats
  5 endoplasms
  2 giant cockroaches
  3 goblins
  9 hobgoblins
  A quokka (D:2)
  8 ball pythons
  2 frilled lizards
  6 kobolds
  A rat (D:3)
54 creatures vanquished.

Notes
Turn   | Place    | Note
-------+----------+-------------------------------------------
     0 | D:1      | Bruhh the Ogre Transmuter began the quest for the Orb.
     0 | D:1      | Reached XP level 1. HP: 19/19 MP: 3/3
    98 | D:1      | Reached skill level 2 in Fighting
   229 | D:1      | Reached XP level 2. HP: 29/29 MP: 5/5
   260 | D:1      | Reached skill level 3 in Fighting
   896 | D:2      | Reached skill level 4 in Fighting
   896 | D:2      | Reached XP level 3. HP: 26/39 MP: 6/6
  1227 | D:2      | Reached skill level 5 in Fighting
  1227 | D:2      | Reached XP level 4. HP: 36/50 MP: 7/7
  1541 | D:2      | Found a faded altar of an unknown god.
  1761 | D:2      | Noticed Natasha
  1770 | D:2      | Killed Natasha
  1771 | D:2      | Reached skill level 6 in Fighting
  1771 | D:2      | Reached XP level 5. HP: 52/59 MP: 8/8
  1896 | D:2      | Noticed Natasha
  1906 | D:2      | Killed Natasha
  2026 | D:2      | Noticed Natasha
  2040 | D:2      | Killed Natasha
  2041 | D:2      | Reached skill level 7 in Fighting
  2248 | D:3      | Identified the +1 robe of the Forest {+Blink rPois Dex-5
                  | SInv}
  2697 | D:3      | Gained mutation: You expend magic power (3 MP) to
                  | strengthen your wands. [potion of mutation]
  2697 | D:3      | Gained mutation: You sometimes lose the ability to read
                  | scrolls when taking damage. [potion of mutation]
  2697 | D:3      | HP: 3/62 [orc priest/+0 flail (5)]
  2703 | D:3      | Killed from afar by an orc priest

Illustrated notes

Levels and vault maps discovered:
D:1:      dpeg_arrival_stone_temple_mockup, layout_rooms,
          chequers_serial_rivers_small_b, st_stairs_12,
          minmay_misc_feat_diagonals
D:2:      layout_rooms, nicolae_ecumenical_snake_handling, uniq_natasha
D:3:      layout_loops_cross, mainiacjoe_overflow_concentric_impassable,
          kennysheep_orc_chapel

Skill      XL: |  1  2  3  4  5 |
---------------+----------------+-----
Fighting       | 2 4 5 6 7 |  7.4
Dodging        | |  1.7
Unarmed Combat | |  2.6
Spellcasting   | |  2.4
Transmutations | |  1.7

Action                   |  1- 3 |  4- 6 || total
-------------------------+-------+-------++-------
Melee: Unarmed           |    15 |       ||    15
       Short sword       |    78 |    79 ||   157
       Headbutt          |    10 |     8 ||    18
       Kick              |    18 |     9 ||    27
       Punch             |       |     2 ||     2
 Cast: Beastly Appendage |    15 |    13 ||    28
  Use: Potion            |       |     4 ||     4
Armor: Robe              |    39 |    27 ||    66
Dodge: Dodged            |    52 |    46 ||    98

Table legend: (Time is in decaauts)
 A = Elapsed time spent in this place.
 B = Non-inter-level travel time spent in this place.
 C = Inter-level travel time spent in this place.
 D = Time resting spent in this place.
 E = Time spent auto-exploring this place.
 F = Levels seen in this place.
 G = Mean time per level.
                   A        B        C        D        E       F      G
               +--------+--------+--------+--------+--------+-----+--------+
         Total |   2719 |   2677 |     42 |      0 |   2246 |   3 |  906.3 |
       Dungeon |   2719 |   2677 |     42 |      0 |   2246 |   3 |  906.3 |
               +--------+--------+--------+--------+--------+-----+--------+

Top non-repeatable levels by time:
     D:2: 1532 daAuts
     D:1: 895 daAuts
     D:3: 291 daAuts
